 Dungeon Crawl Stone Soup version 0.21.1-1-g345015fe64 (webtiles) character file.

395 Gargoyl the Skirmisher (level 6, -2/52 HPs)
             Began as a Centaur Abyssal Knight on Apr 10, 2018.
             Was a Believer of Lugonu.
             Slain by an iguana (6 damage)
             ... on level 5 of the Dungeon.
             The game lasted 00:08:18 (4977 turns).

Gargoyl the Skirmisher (Centaur Abyssal Knight)     Turns: 4977, Time: 00:08:18

Health: -2/52      AC: 11    Str: 20    XL:     6   Next: 52%
Magic:  8/8        EV:  5    Int: 11    God:    Lugonu [**....]
Gold:   62         SH:  3    Dex: 10    Spells: 5/5 levels left

rFire    . . .     SeeInvis +   n - +1 hand axe (pain)
rCold    . . .     Gourm    .   q - +0 buckler
rNeg     . . .     Faith    .   e - +0 chain mail
rPois    .         Spirit   .   r - +1 helmet {SInv}
rElec    .         Reflect  .   p - +0 cloak
rCorr    .         Harm     .   (no gloves)
MR       .....                  (no barding)
Stlth    ..........             j - amulet of magic regeneration
HPRegen  0.17/turn              (no ring)
MPRegen  0.36/turn              (no ring)

@: mighty, very quick
A: large, hooves 3, deformed body, speed 2, tough skin 3
a: Depart the Abyss, Bend Space, Renounce Religion


You were on level 5 of the Dungeon.
You worshipped Lugonu.
Lugonu was pleased with you.
You were hungry.

You visited 1 branch of the dungeon, and saw 5 of its levels.
You visited the Abyss 1 time.

You collected 260 gold pieces.
You spent 198 gold pieces at shops.

Inventory:

Hand Weapons
 a - a +1 hand axe
 n - a +1 hand axe of pain (weapon)
Missiles
 g - a tomahawk (quivered)
Armour
 e - a +0 chain mail (worn)
 p - a +0 cloak (worn)
 q - a +0 buckler (worn)
 r - a +1 helmet of see invisible (worn)
Jewellery
 j - an amulet of magic regeneration (around neck)
Wands
 b - a wand of polymorph (8)
Scrolls
 f - a scroll of identify
 h - 3 scrolls of remove curse
 o - a scroll of fear
 t - a scroll of teleportation
Potions
 k - 2 potions of flight
 l - 3 potions of heal wounds
 m - 4 potions of agility {unknown}
 s - a potion of resistance {unknown}
Books
 u - a book of Minor Magic

   Spells                             Type                      Level
   a - Magic Dart                     Conjuration                  1
   b - Blink                          Translocation                2
   c - Call Imp                       Summoning                    2
   d - Slow                           Hexes                        2
   e - Conjure Flame                  Conjuration/Fire             3
   f - Mephitic Cloud                 Conjuration/Poison/Air       3
Comestibles
 c - 7 rations


   Skills:
 + Level 4.2 Fighting
 + Level 4.0 Axes
 + Level 0.1 Throwing
 * Level 2.9 Armour
 + Level 0.7 Dodging
 * Level 3.5 Invocations


You had 5 spell levels left.
You didn't know any spells.

Dungeon Overview and Level Annotations

Branches:
Dungeon (5/15)
 Temple: D:4-7

Altars:
Kikubaaqudgha
Nemelex Xobeh
Zin

Shops:
D:4 }[

Annotations:
D:4 htuhola's ghost, amateur FeWr


Innate Abilities, Weirdness & Mutations

You have hooves in place of feet.
Armour fits poorly on your strangely shaped body.
You cover ground very quickly.
You have extremely tough skin. (AC +3)


Message History

The iguana is heavily wounded.
The iguana bites you!
Your chain mail prevents you from hitting the iguana.
The iguana is heavily wounded.
The iguana barely misses you.
You hit the iguana but do no damage. Your kick misses the iguana.
The iguana is heavily wounded.
The iguana bites you!
* * * LOW HITPOINT WARNING * * *
You feel very mighty all of a sudden. The iguana closely misses you.
You barely miss the iguana.
The iguana is heavily wounded.
The iguana closely misses you.
You closely miss the iguana. Your kick misses the iguana.
The iguana is heavily wounded.
The iguana bites you!
* * * LOW HITPOINT WARNING * * *
The iguana bites you.
You die...

...........#....#
...........#....#
...###.##.##..##
##'##.#####
#.........
#.........
##'###+####
..##.###.###....#
......l@.........
.................
.................
.................
......[..........
#.###+##..##....#
# #### ....#
.....


You could see an iguana.

Vanquished Creatures
  A centaur (D:5)
  Blork the orc (D:4)
  A hound (D:5)
  An orc wizard (D:4)
  Ijyb (D:3)
  A worker ant (D:4)
  4 adders
  A howler monkey skeleton (D:4)
  An ooze (D:3)
  An adder skeleton (D:4)
  4 worms
  A dart slug (D:1)
  3 leopard geckos
  5 orcs
  8 bats
  4 giant cockroaches
  7 goblins
  7 hobgoblins
  6 jackals (D:2)
  7 kobolds
  A quokka (D:2)
  4 frilled lizards
  A jackal skeleton (D:4)
  A leopard gecko skeleton (D:4)
  6 rats
78 creatures vanquished.

Notes
Turn   | Place    | Note
-------+----------+-------------------------------------------
     0 | Abyss:1  | Gargoyl the Centaur Abyssal Knight began the quest for the Orb.
     0 | Abyss:1  | Reached XP level 1. HP: 19/19 MP: 2/2
    76 | Abyss:2  | Noticed an apocalypse crab
   108 | Abyss:2  | Noticed a red draconian monk
   110 | D:1      | Escaped the Abyss
   429 | D:1      | Reached XP level 2. HP: 19/26 MP: 3/3
   444 | D:1      | Reached * piety under Lugonu
  1104 | D:2      | Reached XP level 3. HP: 12/31 MP: 4/4
  1928 | D:2      | Found a sparkling altar of Nemelex Xobeh.
  2331 | D:3      | Reached ** piety under Lugonu
  2628 | D:3      | Reached XP level 4. HP: 31/39 MP: 5/5
  2756 | D:3      | Noticed Ijyb
  2768 | D:3      | Killed Ijyb
  3621 | D:3      | Reached XP level 5. HP: 42/46 MP: 7/7
  3702 | D:4      | Found Nexieq's Gadget Shop.
  3723 | D:4      | Found an ancient bone altar of Kikubaaqudgha.
  3918 | D:4      | Noticed htuhola's ghost (amateur FeWr)
  4154 | D:4      | Found a glowing silver altar of Zin.
  4168 | D:4      | Found Riosurec's Armour Emporium.
  4172 | D:4      | Bought a +1 helmet of see invisible for 198 gold pieces
  4382 | D:4      | Noticed Blork the orc
  4394 | D:4      | Killed Blork the orc
  4394 | D:4      | Reached XP level 6. HP: 36/52 MP: 8/8
  4690 | D:5      | Entered Level 5 of the Dungeon
  4977 | D:5      | Slain by an iguana

Skill      XL: |  1  2  3  4  5  6 |
---------------+-------------------+-----
Axes           | 2 3 4 |  4.0
Armour         | 2 |  2.9
Invocations    | 3 |  3.5
Fighting       | 4 |  4.2
Throwing       | |  0.1
Dodging        | |  0.7

Action                   |  1- 3 |  4- 6 || total
-------------------------+-------+-------++-------
Melee: Hand axe          |   120 |   159 ||   279
       Kick              |    19 |    34 ||    53
       Unarmed           |       |    10 ||    10
Throw: Tomahawk          |       |     7 ||     7
Invok: Depart the Abyss  |     1 |       ||     1
  Use: Scroll            |     9 |     3 ||    12
       Potion            |     1 |     1 ||     2
  Eat: Chunk             |     4 |     6 ||    10
Armor: Chain mail        |   113 |   107 ||   220
       Skin              |       |     2 ||     2
Dodge: Dodged            |    39 |    25 ||    64
Block: Buckler           |     2 |    10 ||    12
